AoeStats
← Gregory176144

Arabia

509915011Analyzed
1v1 RM · 4d ago on Sep 28, 2026· 31m 10s· 2 players
Game mode
Random Map
Map size
Tiny (2 player)
Population
200
Speed
Normal
Resources
Standard
Victory
Conquest
Starting age
Dark Age
Ending age
Imperial Age
RankedLock teamsTeams togetherTeam positionsShared explorationLock speedFull tech treeHidden civsTurbo modeCheats
Victory
Defeat
🇦🇷 Tatars · Argentina
1101
+39
🇫🇷 Magyars · France
1090
-15
Kavorr
6:18 Loom
9:27 Feudal Age
10:30 Double-Bit Axe
14:52 Horse Collar
18:22 Castle Age
16:37 Horse Collar
17:16 Fletching
18:02 Gold Mining
19:03 Bodkin Arrow
20:12 Bow Saw
23:07 Ballistics
23:37 Thumb Ring
26:42 Stone Mining
27:16 Padded Archer Armor
27:20 Husbandry
27:31 Bloodlines
31:44 Wheelbarrow
Gregory176144
8:28 Feudal Age
8:56 Double-Bit Axe
9:37 Horse Collar
14:24 Wheelbarrow
16:57 Castle Age
16:12 Gold Mining
18:04 Bow Saw
18:52 Loom
20:52 Town Watch
21:26 Hand Cart
27:23 Fletching
28:33 Ballistics
28:35 Bodkin Arrow
29:03 Bloodlines
28:53 Husbandry
29:25 Padded Archer Armor
Connection lost

Rejoining the realm…

Still unreachable

The connection could not be restored.

Session expired

The server has moved on; the page needs a fresh start.